 Dungeon Crawl Stone Soup version 0.18-a0-1805-g8ab820f (webtiles) character file.

513325 poirepourri the Hoplite (level 23, -16/222 HPs)
             Began as a Deep Dwarf Fighter on Apr 26, 2016.
             Was the Champion of Makhleb.
             Killed from afar by a frost giant (19 damage)
             ... with a bolt of cold
             ... on level 3 of the Depths.
             The game lasted 02:39:27 (52008 turns).

poirepourri the Hoplite (Deep Dwarf Fighter)       Turns: 52008, Time: 02:39:28

Health: -16/222    AC: 30    Str: 27    XL:     23   Next: 97%
Magic:  0/0        EV: 14    Int: 18    God:    Makhleb [******]
Gold:   3474       SH: 26    Dex: 13    Spells: 0 memorised, 22 levels left

rFire  + + .     SeeInvis .     a - +7 broad axe of Quarrel {chop, rElec rC- Int+7}
rCold  . . .     Gourm    .     l - +4 plate armour {rF+}
rNeg   + . .     Faith    .     c - +3 shield
rPois  .         Spirit   .     (no helmet)
rElec  +         Dismiss  .     u - +2 cloak {MR+}
rCorr  +         Reflect  +     G - +1 pair of gloves "Guosar" {rC+}
SustAt .         Harm     .     A - +2 pair of boots
MR     ++++.                    x - amulet of Seagash {Reflect rElec SH+5}
Stlth  ..........               p - ring of protection from fire
                                Y - ring of resist corrosion

@: non-regenerating, incredibly resistant to hostile enchantments, extremely
unstealthy
A: damage resistance, recharge devices, negative energy resistance 1, sense
surroundings 3, slow regeneration 3
a: Device Recharging, Minor Destruction, Lesser Servant of Makhleb, Major
Destruction, Greater Servant of Makhleb, Renounce Religion
}: 3/15 runes: serpentine, barnacled, silver


You were on level 3 of the Depths.
You worshipped Makhleb.
Makhleb was exalted by your worship.
You were full.

You visited 9 branches of the dungeon, and saw 47 of its levels.

You collected 6757 gold pieces.
You spent 3283 gold pieces at shops.

Inventory:

Hand Weapons
 a - the +7 broad axe of Quarrel (weapon) {chop, rElec rC- Int+7}
   (You found it on level 3 of the Shoals)

   It inflicts extra damage upon your enemies.
   It affects your intelligence (+7).
   It makes you vulnerable to cold.
   It insulates you from electricity.
 b - a +5 hand crossbow of flaming
 k - the +9 hand axe of the Lonely Orbs {holy, rElec}
   (You found it on level 3 of the Elven Halls)

   It has been blessed by the Shining One to cause great damage to the undead
   and demons.
   It insulates you from electricity.
 y - a +7 war axe of chopping
Missiles
 h - 258 bolts
Armour
 c - a +3 shield (worn)
 l - a +4 plate armour of fire resistance (worn)
 u - a +2 cloak of magic resistance (worn)
 A - a +2 pair of boots (worn)
 G - the +1 pair of gloves "Guosar" (worn) {rC+}
   (You acquired it on level 9 of the Dungeon)

   It protects you from cold.
 N - the +1 plate armour "Rirgh" {rC+ rN+ Int-4}
   (You bought it in a shop on level 2 of the Elven Halls)

   It affects your intelligence (-4).
   It protects you from cold.
   It protects you from negative energy.
Jewellery
 g - a +4 ring of dexterity
 p - a ring of protection from fire (right hand)
 q - the ring "Byaneuj" {rN++ Str-3 Int+5 Dex+2}
   (You found it on level 2 of the Vaults)

   [ring of strength]

   It affects your strength (-3).
   It affects your intelligence (+5).
   It affects your dexterity (+2).
   It greatly protects you from negative energy.
 t - an uncursed ring of protection from cold
 v - a +5 amulet of reflection
 w - the ring "Qyppix" {rN+ Str+5 Dex-2 Stlth-}
   (You found it on level 3 of the Elven Halls)

   [ring of loudness]

   It affects your strength (+5).
   It affects your dexterity (-2).
   It protects you from negative energy.
   It makes you less stealthy.
 x - the amulet of Seagash (around neck) {Reflect rElec SH+5}
   (You found it on level 5 of the Dungeon)

   [amulet of reflection]

   It shields you and reflects attacks.
   It insulates you from electricity.
   It affects your SH (+5).
 D - an uncursed ring of sustain attributes
 F - an uncursed ring of protection from fire
 P - an uncursed ring of see invisible
 Q - a +3 ring of evasion
 R - an uncursed amulet of faith
 S - an uncursed ring of teleportation
 W - an uncursed ring of protection from magic
 Y - a ring of resist corrosion (left hand)
 Z - an uncursed ring of positive energy
Wands
 d - a wand of paralysis (17/24)
 e - a wand of heal wounds (0/9)
 i - a wand of hasting (3/9)
 m - a wand of slowing (12/48)
 n - a wand of disintegration (12/24)
 I - a wand of heal wounds (0/9)
 J - a wand of polymorph (13/24)
 M - a wand of enslavement (9/24)
 V - a wand of digging (19/24)
Scrolls
 o - 6 scrolls of magic mapping
 s - 26 scrolls of remove curse
 K - 7 scrolls of teleportation
Potions
 j - a potion of resistance {unknown}
 r - 9 potions of lignification
 z - 5 potions of mutation
 E - 3 potions of cure mutation
 H - 5 potions of flight
 O - 3 potions of might
Comestibles
 f - 24 bread rations
 B - 14 royal jellies
 X - 38 fruits


   Skills:
 + Level 16.3 Fighting
 + Level 23.0 Axes
 + Level 15.1 Crossbows
 + Level 14.6 Armour
 + Level 14.1 Dodging
 + Level 3.8 Stealth
 + Level 23.5 Shields
 + Level 7.3 Invocations
 + Level 7.1 Evocations


You had 22 spell levels left.
You didn't know any spells.

Dungeon Overview and Level Annotations

Branches:
Dungeon (15/15)            Temple (1/1) D:5            Lair (8/8) D:10
 Shoals (4/4) Lair:4        Snake (4/4) Lair:3        Slime (0/6) Lair:7
    Orc (2/2) D:11            Elf (3/3) Orc:2        Vaults (5/5) D:14
  Crypt (0/3) Vaults:3     Depths (5/5) D:15
    Zot: Depths:5

Altars:
Ashenzari
Cheibriados
Dithmenos
Elyvilon
Fedhas
Gozag
Kikubaaqudgha
Makhleb
Nemelex Xobeh
Okawaru
Pakellas
Qazlal
Ru
Sif Muna
Trog
Vehumet
Xom
Yredelemnul
Zin
The Shining One
Beogh
Jiyva

Shops:
D:4 =?}   D:14 =   Orc:1 *   Orc:2 *[[!   Elf:2 [   Shoals:1 =   Shoals:3 [
Snake:2 :   Vaults:1 (   Vaults:2 (   Depths:4 *

Portals:
Hell: Lair:8 Depths:1 Depths:2 Depths:3 Depths:4 Depths:5
Abyss: Depths:3 Depths:4
Pandemonium: Depths:1 Depths:2 Depths:3 Depths:4
Ziggurat: Depths:3
Trove: Elf:2 (give potion of experience)


Innate Abilities, Weirdness & Mutations

You are resistant to damage.
You can recharge devices by infusing magical energy.
You resist negative energy.
You passively map a large area around you.
You do not regenerate naturally.


Message History

You slash the lich!
The lich is moderately damaged.
You block the lich's attack.
You slice the lich!!
The lich is heavily damaged.
A spriggan berserker comes into view. It is wielding a hand axe.
You slash the lich!
The lich is severely damaged.
The lich touches you.
The frost giant points at you and mumbles some strange words.
The bolt of cold hits you!
* * * LOW HITPOINT WARNING * * *
A tengu conjurer comes into view.
You completely miss the lich.
The lich is severely damaged.
The tengu conjurer shouts!
You block the lich's attack. The frost giant casts a spell at you.
The bolt of cold hits you!
You die...

########....................#
,,
......##....................##
,
......#........######........##
......#......### ###.......#,
......#.....## ##.....##,
#.....#.....# #......#
#.....#....######## *##....## ,
#.....#....###....## #)...# ,
#.....#....##...@L.# ,, #....#
#.....#....##..##..# , #....#*,
#)....#...)##..#*..# , #....#*
, #.....#.).)##..# ..# #....#
#.....#....##..# ..#*, #....#*,
#.....#....##..#*Ci# ,*#....#
#.....#....##.)#*..# #....#*
#.....#....##..# .Q# #....# ,
##....#....##..# , #....#


You could see a frost giant, a lich, a spriggan berserker and a tengu conjurer.

Vanquished Creatures
  Mennas (Vaults:5)
  Mara (Vaults:3)
  A juggernaut (Depths:4)
  Sojobo (Vaults:5)
  3 golden dragons
  A caustic shrike (Depths:3)
  Xtahua (Vaults:5)
  Nikola (Shoals:3)
  3 liches (Depths:3)
  2 tentacled monstrosities (Depths:5)
  3 deep elf blademasters
  4 titans
  4 sphinxes
  A deep elf master archer (Elf:3)
  Kirke (Lair:6)
  Frances (D:13)
  A shadow dragon (Vaults:5)
  A tengu reaver (Depths:3)
  An azure jelly (shapeshifter) (Depths:3)
  5 greater nagas (Snake:4)
  Ilsuiw (Shoals:4)
  6 fire giants
  Aizul (Snake:2)
  8 vault wardens
  12 frost giants
  3 orc warlords
  Louise (Depths:3)
  7 deep elf sorcerers
  4 deep elf elementalists
  4 draconian annihilators
  14 ironheart preservers
  A spriggan defender (Depths:4)
  A war gargoyle (Vaults:5)
  17 very ugly things
  A ghoul (D:13)
  12 stone giants
  2 black draconians (Depths:5)
  A vampire knight (Depths:3)
  2 green draconians
  4 deep elf annihilators (Elf:3)
  11 deep elf demonologists
  A white draconian (Depths:5)
  2 red draconians (Depths:5)
  Azrael (Snake:1)
  2 spark wasps
  A purple draconian (Depths:5)
  4 deep elf death magi
  3 merfolk javelineers
  9 ettins
  6 fire dragons
  A blizzard demon (Depths:3)
  9 yaktaur captains
  33 vault guards
  The ghost of inmateoo the Grappler, a journeyman TrSu of Cheibriados (D:11)
  5 ice dragons
  4 great orbs of eyes
  Josephine (Lair:5)
  An ice dragon (shapeshifter) (Depths:2)
  10 naga warriors
  8 merfolk impalers
  5 deep elf high priests
  4 rakshasas
  A catoblepas (D:15)
  7 hydras
  5 entropy weavers
  2 alligator snapping turtles
  A merfolk avatar (Shoals:4)
  7 anacondas
  3 spriggan air magi
  5 centaur warriors
  3 death knights
  12 ogre magi
  29 dancing weapons
  A satyr (Shoals:4)
  10 deep troll earth magi
  6 deep troll shamans
  7 merfolk aquamancers
  2 orc high priests
  7 tengu warriors
  2 vampire magi
  4 spriggan berserkers
  A spriggan (Depths:4)
  6 shock serpents
  13 naga sharpshooters
  A large abomination (Elf:3)
  A soul eater (Depths:3)
  16 deep elf knights
  2 sun demons
  4 iron trolls
  A death drake (Depths:5)
  12 skeletal warriors
  10 sea snakes
  3 salamander mystics
  A flayed ghost (Vaults:2)
  11 deep elf archers
  3 wizards
  2 giant orange brains (Depths:3)
  34 deep trolls
  3 unseen horrors
  7 naga ritualists
  10 orc knights
  2 harpies (shapeshifter)
  2 wolf spider zombies (D:13)
  4 necromancers
  14 ironbrand convokers
  7 hill giants
  4 lindwurms
  13 harpies
  54 deep elf magi
  13 griffons
  4 wolf spiders
  A hornet (shapeshifter) (Depths:1)
  An oklob plant (Lair:6)
  3 orc sorcerers
  6 mana vipers
  4 cyclopes
  2 hornets
  35 ugly things
  7 manticores
  A moth of wrath (shapeshifter) (Depths:3)
  A wolf spider (shapeshifter) (Vaults:2)
  3 fauns
  15 salamanders
  A rust devil (Depths:2)
  14 elephants
  9 vault sentinels
  8 water nymphs
  A guardian serpent (Snake:2)
  20 naga magi
  12 sirens
  3 smoke demons
  29 black mambas
  A guardian serpent (shapeshifter) (Elf:2)
  8 spiny frogs
  A spiny frog (shapeshifter) (Vaults:3)
  5 orange demons (Lair:8)
  A torpor snail (Lair:8)
  2 centaur skeletons
  A kobold demonologist (Vaults:3)
  4 rime drakes
  34 yaktaurs
  2 small abominations (Elf:3)
  5 ice devils
  A komodo dragon (Lair:8)
  A tormentor (Depths:2)
  A redback zombie (D:15)
  5 freezing wraiths
  An efreet (D:15)
  A red devil (Lair:8)
  4 tengu conjurers
  7 trolls
  2 hellwings
  3 jumping spiders
  5 wind drakes
  2 queen bees
  41 merfolk
  32 two-headed ogres
  2 two-headed ogres (shapeshifter)
  8 slime creatures
  Grinder (D:6)
  A fire giant simulacrum (Vaults:3)
  9 snapping turtles
  12 boulder beetles
  A centaur simulacrum (D:12)
  29 blink frogs
  2 shadows
  31 water elementals
  6 air elementals
  10 redbacks
  A spriggan (shapeshifter) (Depths:2)
  3 tarantellas
  5 wyverns
  8 wraiths
  3 tarantellas (shapeshifter)
  10 fire elementals
  22 yaks
  6 hogs (Lair:6)
  A basilisk (shapeshifter) (Vaults:1)
  17 humans (D:14)
  3 basilisks
  A chaos spawn (Depths:3)
  4 hungry ghosts
  2 steam dragons
  23 vampire mosquitoes
  16 hippogriffs
  2 mottled dragons
  48 nagas
  A soldier ant (D:14)
  19 water moccasins
  5 hell hounds
  6 wargs
  A giant eyeball (Depths:3)
  A hell hound (shapeshifter) (Elf:3)
  50 orc warriors
  4 porcupines
  8 sky beasts
  3 black bears
  An eye of draining (D:9)
  2 wasps
  6 swamp drakes (Depths:5)
  4 ice beasts
  A wasp (shapeshifter) (Vaults:2)
  7 boggarts
  46 ogres
  7 wolves (Lair:1)
  11 centaurs
  16 crocodiles
  3 big kobolds
  25 giant frogs
  2 earth elementals
  4 gnoll sergeants
  2 wyvern zombies (D:13)
  A wyvern skeleton (D:9)
  48 killer bees
  4 scorpions
  6 wights
  2 electric eels (Lair:3)
  The ghost of George the Cudgeler, a weakling GrFi (D:3)
  6 howler monkeys
  6 centaur zombies
  8 crimson imps
  A giant frog zombie (D:13)
  A quasit (D:6)
  A yaktaur simulacrum (Vaults:1)
  8 hounds
  5 jellies
  Crazy Yiuf (D:4)
  A gnoll shaman (D:6)
  28 orc priests
  2 giant frog skeletons
  9 iguanas
  26 orc wizards
  7 worker ants
  10 hell rats (Lair:2)
  14 sheep
  A hound skeleton (D:5)
  A mummy (D:13)
  A howler monkey skeleton (D:10)
  2 worker ant zombies
  16 gnolls
  16 adders
  77 river rats
  3 shadow imps
  An ooze (D:1)
  2 adder skeletons
  3 worms
  A worm (shapeshifter) (Vaults:2)
  10 giant geckos
  125 orcs
  6 bats
  2 bat zombies (D:9)
  11 giant cockroaches
  13 goblins
  20 hobgoblins
  13 jackals
  5 quokkas
  3 giant newts
  29 kobolds
  A quokka zombie (D:9)
  24 rats
  2 rat zombies (D:9)
  A spectral orc (D:2)
  A bush (Depths:5)
  5 crawling corpses (Elf:3)
  3 fungi
  5 plants
  A withered plant (D:13)
2101 creatures vanquished.

Vanquished Creatures (collateral kills)
  5 greater nagas (Snake:4)
  A deep elf annihilator (Elf:3)
  4 hydras
  4 naga warriors (Snake:4)
  2 death yaks (Lair:7)
  5 naga sharpshooters (Snake:4)
  2 naga ritualists (Snake:4)
  A deep elf mage (Vaults:5)
  3 salamanders (Snake:4)
  6 naga magi (Snake:4)
  A black mamba (Snake:4)
  A guardian serpent (Snake:4)
  A torpor snail (Lair:7)
  A golden eye (shapeshifter) (Vaults:1)
  A hippogriff (Lair:7)
  10 nagas (Snake:4)
  4 orc warriors (Vaults:1)
  A crocodile (Lair:6)
  3 river rats (Lair:7)
  A crawling corpse (Elf:3)
57 creatures vanquished.

Vanquished Creatures (others)
  A deep elf master archer (Elf:3)
  A tengu reaver (Depths:3)
  2 stone giants
  A salamander stormcaller (Vaults:3)
  A deep elf annihilator (Elf:3)
  6 merfolk javelineers
  2 yaktaur captains
  An ogre mage (Vaults:3)
  3 centaur warriors
  6 naga sharpshooters
  A satyr (Shoals:3)
  Sonja (D:11)
  A deep elf knight (Elf:1)
  A phantasmal warrior (Vaults:5)
  6 deep elf archers
  5 deep elf magi
  5 fauns
  A cyclops (D:15)
  2 manticores
  A vault sentinel (Vaults:2)
  A naga mage (Snake:4)
  14 yaktaurs
  A freezing wraith (Vaults:5)
  2 merfolk (Shoals:3)
  A two-headed ogre (Vaults:2)
  An air elemental (Elf:3)
  3 centaurs
  A killer bee (D:12)
  An orc wizard (D:3)
  A mummy (D:5)
  2 orcs
  A kobold (D:10)
  A crawling corpse (Elf:3)
  5 fungi
  7 plants
90 creatures vanquished.

Grand Total: 2248 creatures vanquished

Notes
Turn   | Place    | Note
--------------------------------------------------------------
     0 | D:1      | poirepourri the Deep Dwarf Fighter began the quest for the Orb.
     0 | D:1      | Reached XP level 1. HP: 20/20 MP: 1/1
    58 | D:1      | Reached XP level 2. HP: 22/27 MP: 2/2
   385 | D:1      | Reached XP level 3. HP: 25/34 MP: 3/3
   606 | D:2      | Found a glowing silver altar of Zin.
   975 | D:2      | Found a shadowy altar of Dithmenos.
   989 | D:2      | Reached skill level 1 in Dodging
  1279 | D:2      | Found a basalt altar of Yredelemnul.
  1353 | D:2      | Reached XP level 4. HP: 39/42 MP: 4/4
  1405 | D:3      | Noticed George's ghost (weakling GrFi)
  1425 | D:3      | Killed George's ghost
  1468 | D:3      | Reached XP level 5. HP: 38/49 MP: 5/5
  1552 | D:3      | Found a shimmering altar of Xom.
  1727 | D:3      | Found a sparkling altar of Nemelex Xobeh.
  2018 | D:3      | Reached skill level 1 in Evocations
  2018 | D:3      | Reached XP level 6. HP: 38/56 MP: 5/5
  2325 | D:3      | Found a blossoming altar of Fedhas.
  2338 | D:3      | Found a glowing golden altar of the Shining One.
  2747 | D:4      | Found Deloipu's Gadget Boutique.
  2755 | D:4      | Bought a wand of iceblast (10/15) for 182 gold pieces
  2800 | D:4      | Noticed Crazy Yiuf
  2806 | D:4      | Killed Crazy Yiuf
  2960 | D:4      | Noticed a hippogriff
  2970 | D:4      | Killed a hippogriff
  2970 | D:4      | Reached XP level 7. HP: 32/62 MP: 6/6
  2994 | D:4      | Found Isexzat's Magic Scroll Shoppe.
  3042 | D:4      | Reached skill level 5 in Armour
  3074 | D:4      | Found Binto's Jewellery Shoppe.
  3152 | D:4      | Reached skill level 5 in Axes
  3152 | D:4      | Reached skill level 5 in Shields
  3600 | D:5      | Entered Level 5 of the Dungeon
  3685 | D:5      | Reached XP level 8. HP: 33/72 MP: 7/7
  3691 | D:5      | Found a staircase to the Ecumenical Temple.
  3703 | D:5      | Got a scintillating amethyst amulet
  3745 | Temple   | Entered the Ecumenical Temple
  4019 | Temple   | Became a worshipper of Makhleb the Destroyer
  4236 | D:5      | Found a sand-covered staircase.
  4955 | D:6      | Reached skill level 1 in Stealth
  4962 | D:6      | Noticed Grinder
  4977 | D:6      | Killed Grinder
  4977 | D:6      | Reached skill level 5 in Dodging
  5347 | D:6      | Reached * piety under Makhleb
  5772 | D:6      | Gained mutation: You passively map the area around you. [Deep Dwarf growth]
  5772 | D:6      | Reached XP level 9. HP: 61/79 MP: 8/8
  5934 | D:6      | Reached ** piety under Makhleb
  5945 | D:6      | Reached skill level 5 in Fighting
  6826 | D:7      | Found a bloodstained altar of Trog.
  6917 | D:7      | Found an opulent altar of Gozag.
  6919 | D:7      | Found a white marble altar of Elyvilon.
  7011 | D:8      | Noticed a queen bee
  7034 | D:8      | Killed a queen bee
  7052 | D:8      | Reached *** piety under Makhleb
  7076 | D:8      | Reached XP level 10. HP: 80/91 MP: 7/7
  7215 | D:8      | Found an oddly glowing altar of Pakellas.
  7339 | D:8      | Reached **** piety under Makhleb
  7462 | D:8      | Found an iron altar of Okawaru.
  7670 | D:8      | Found a snail-covered altar of Cheibriados.
  7671 | D:8      | Identified a scroll of acquirement
  7815 | D:9      | Got a pair of jewelled gloves
  7826 | D:9      | Identified the +1 pair of gloves "Guosar" {rC+} (You acquired it on level 9 of the Dungeon)
  7952 | D:9      | Found a deep blue altar of Sif Muna.
  8198 | D:9      | Found an ancient bone altar of Kikubaaqudgha.
  8241 | D:9      | Identified the amulet of Seagash {Reflect rElec SH+5} (You found it on level 5 of the Dungeon)
  8252 | D:10     | Entered Level 10 of the Dungeon
  8371 | D:10     | Reached ***** piety under Makhleb
  8672 | D:10     | Reached XP level 11. HP: 88/99 MP: 8/8
  8731 | D:10     | Reached skill level 10 in Axes
  8760 | D:10     | Found a deep blue altar of Sif Muna.
  8964 | D:10     | Found a staircase to the Lair.
  8984 | D:10     | Noticed a hill giant
  8996 | D:10     | Killed a hill giant
  9129 | D:11     | Noticed inmateoo's ghost (journeyman TrSu)
  9180 | D:11     | Killed inmateoo's ghost
  9378 | D:11     | Found a staircase to the Orcish Mines.
  9386 | D:11     | Reached ****** piety under Makhleb
  9395 | D:11     | Noticed a hill giant
  9412 | D:11     | Killed a hill giant
  9463 | D:11     | Found a roughly hewn altar of Beogh.
  9475 | D:11     | Noticed Sonja
  9489 | D:11     | Killed Sonja
  9647 | D:11     | Killed an unseen horror
  9647 | D:11     | Reached skill level 10 in Shields
  9787 | D:12     | Noticed a death knight
  9806 | D:12     | Killed a death knight
 10137 | D:12     | Noticed a hill giant
 10144 | D:12     | Killed a hill giant
 10144 | D:12     | Reached XP level 12. HP: 110/110 MP: 8/8
 10170 | D:12     | Noticed an eight-headed hydra
 10179 | D:12     | Killed a nine-headed hydra
 10179 | D:12     | Reached skill level 1 in Invocations
 10561 | D:12     | Noticed a centaur warrior
 10566 | D:12     | Killed a centaur warrior
 10947 | Lair:1   | Entered Level 1 of the Lair of Beasts
 11455 | Lair:1   | Gained mutation: You have large cloven feet. [potion of beneficial mutation]
 11890 | Lair:2   | Reached skill level 10 in Dodging
 12793 | Lair:2   | Noticed a four-headed hydra
 12808 | Lair:2   | Killed a 14-headed hydra
 13074 | Lair:3   | Found an opulent altar of Gozag.
 13316 | Lair:3   | Found a frozen archway.
 13330 | Lair:3   | Found a staircase to the Snake Pit.
 13344 | Lair:3   | Reached XP level 13. HP: 120/120 MP: 9/9
 14565 | Lair:4   | Found a staircase to the Shoals.
 15059 | Lair:5   | Noticed Josephine
 15070 | Lair:5   | Killed Josephine
 16142 | Lair:6   | Noticed Kirke
 16165 | Lair:6   | Killed Kirke
 16508 | Lair:7   | Reached skill level 10 in Armour
 16587 | Lair:7   | Found a viscous altar of Jiyva.
 16587 | Lair:7   | Found a staircase to the Slime Pits.
 16845 | Lair:7   | Gained mutation: You resist negative energy. [Deep Dwarf growth]
 16845 | Lair:7   | Reached XP level 14. HP: 45/129 MP: 9/9
 17255 | Lair:8   | Entered Level 8 of the Lair of Beasts
 17748 | Lair:8   | Found a burning altar of Makhleb.
 18086 | Lair:8   | Reached skill level 10 in Fighting
 18596 | Lair:8   | Found a gateway to Hell.
 18890 | Orc:1    | Entered Level 1 of the Orcish Mines
 18890 | Orc:1    | Noticed an orc warlord
 18903 | Orc:1    | Noticed an orc warlord
 18930 | D:11     | Killed an orc warlord
 19006 | Orc:1    | Killed an orc warlord
 19027 | Orc:1    | Found Elyturph's Assorted Antiques.
 19037 | Orc:1    | Bought a scroll of identify for 38 gold pieces
 19037 | Orc:1    | Bought 3 scrolls of identify for 114 gold pieces
 19037 | Orc:1    | Bought a fizzy emerald potion for 17 gold pieces
 19037 | Orc:1    | Bought a potion of agility for 76 gold pieces
 19064 | Orc:1    | Noticed an orc warlord
 19277 | Orc:1    | Killed an orc warlord
 19491 | Orc:2    | Entered Level 2 of the Orcish Mines
 19544 | Orc:2    | Found a staircase to the Elven Halls.
 19648 | Orc:2    | Reached XP level 15. HP: 140/140 MP: 9/9
 19903 | Orc:2    | Reached skill level 15 in Shields
 20166 | Orc:2    | Found Neeruxt's Assorted Antiques.
 20166 | Orc:2    | Found Ynaija Xefi's Armour Boutique.
 20167 | Orc:2    | Found Akuneuf's Armour Boutique.
 20167 | Orc:2    | Found Tokooqots's Distillery.
 20194 | Orc:2    | Bought a pair of embroidered boots for 153 gold pieces
 20201 | Orc:2    | Bought a scroll of enchant armour for 255 gold pieces
 20201 | Orc:2    | Bought a glowing hand crossbow for 119 gold pieces
 20201 | Orc:2    | Bought a potion of heal wounds for 170 gold pieces
 20204 | Orc:2    | Bought a +0 helmet for 76 gold pieces
 20206 | Orc:2    | Bought a +3 plate armour of fire resistance for 540 gold pieces
 20265 | Orc:2    | Bought a +3 scale mail of positive energy for 276 gold pieces
 20620 | Shoals:1 | Entered Level 1 of the Shoals
 20910 | D:13     | Reached skill level 15 in Axes
 21070 | D:13     | Reached skill level 1 in Crossbows
 21160 | D:13     | Noticed Frances
 21185 | D:13     | Killed Frances
 22085 | D:14     | Found Vitaoc's Jewellery Shoppe.
 22268 | D:14     | Found a gate to the Vaults.
 22699 | D:15     | Entered Level 15 of the Dungeon
 23088 | D:15     | Reached XP level 16. HP: 150/150 MP: 10/10
 23256 | D:15     | Found a staircase to the Depths.
 23811 | Snake:1  | Entered Level 1 of the Snake Pit
 24547 | Snake:1  | Noticed Azrael
 24568 | Snake:1  | Killed Azrael
 25145 | Snake:2  | Reached skill level 5 in Evocations
 25392 | Snake:2  | Noticed Aizul
 25414 | Snake:2  | Killed Aizul
 25875 | Snake:2  | Found Wimokh's Book Shop.
 26836 | Snake:3  | Reached skill level 5 in Crossbows
 26885 | Snake:3  | Reached XP level 17. HP: 140/159 MP: 9/9
 27344 | Snake:4  | Entered Level 4 of the Snake Pit
 29136 | Snake:4  | Reached skill level 5 in Invocations
 29248 | Snake:4  | Got a serpentine rune of Zot
 30066 | Shoals:1 | Found Sumnynt's Jewellery Shoppe.
 31621 | Shoals:3 | Gained mutation: You passively map a large area around you. [Deep Dwarf growth]
 31621 | Shoals:3 | Reached XP level 18. HP: 168/168 MP: 1/1
 31704 | Shoals:3 | Found Jympuunn's Antique Armour Boutique.
 31768 | Shoals:3 | Noticed Nikola
 31843 | Shoals:3 | Got a translucent broad axe
 31844 | Shoals:3 | Identified the +7 broad axe of Quarrel {chop, rElec rC- Int+7} (You found it on level 3 of the Shoals)
 31948 | Shoals:3 | Killed Nikola
 32646 | Shoals:4 | Entered Level 4 of the Shoals
 32971 | Shoals:4 | Noticed Ilsuiw
 33019 | Shoals:4 | Killed Ilsuiw
 33144 | Shoals:4 | Reached skill level 10 in Crossbows
 33825 | Shoals:4 | Got a barnacled rune of Zot
 34327 | Vaults:1 | Entered Level 1 of the Vaults
 34441 | Depths:1 | Entered Level 1 of the Depths
 34551 | Depths:1 | Found a glowing golden altar of the Shining One.
 35329 | Vaults:1 | Found Caages's Weapon Shop.
 35498 | Vaults:1 | Gained mutation: You have sharp fingernails. [potion of beneficial mutation]
 35853 | Vaults:1 | Reached XP level 19. HP: 131/177 MP: 1/1
 36452 | Vaults:2 | Noticed a Tzitzimitl
 36993 | Vaults:2 | Got a slimy lead ring
 36995 | Vaults:2 | Identified the cursed ring "Byaneuj" {rN++ Str-3 Int+5 Dex+2} (You found it on level 2 of the Vaults)
 37802 | Vaults:2 | Found Fonolib's Weapon Shop.
 38051 | Vaults:3 | Found a staircase to the Crypt.
 38051 | Vaults:3 | Found an ancient bone altar of Kikubaaqudgha.
 38052 | Vaults:3 | Found a basalt altar of Yredelemnul.
 38312 | Vaults:3 | Noticed Mara
 38315 | Vaults:3 | Noticed poirepourri's illusion
 38343 | Vaults:3 | Killed Mara
 38612 | Vaults:3 | Reached XP level 20. HP: 188/188 MP: 2/2
 41010 | Vaults:5 | Entered Level 5 of the Vaults
 41010 | Vaults:5 | Noticed Xtahua
 41014 | Vaults:5 | Noticed a golden dragon
 41043 | Vaults:5 | Killed Xtahua
 41052 | Vaults:5 | Killed a golden dragon
 41142 | Vaults:5 | Reached XP level 21. HP: 198/198 MP: 4/4
 41213 | Vaults:5 | Noticed Sojobo
 41255 | Vaults:5 | Killed Sojobo
 41490 | Vaults:5 | Got a silver rune of Zot
 41571 | Vaults:5 | Gained mutation: You are frail (-10% HP). [a shining eye]
 41600 | Vaults:5 | Noticed Mennas
 41671 | Vaults:5 | Killed Mennas
 42076 | Elf:1    | Entered Level 1 of the Elven Halls
 42214 | Elf:1    | Gained mutation: You tend to lose your temper in combat. [a neqoxec]
 43039 | Elf:2    | Found a deep blue altar of Sif Muna.
 43111 | Elf:2    | Found Maclut's Armour Boutique.
 43119 | Elf:2    | Bought the +1 plate armour "Rirgh" {rC+ rN+ Int-4} for 567 gold pieces
 43224 | Elf:2    | Found a portal to a secret trove of treasure.
 43448 | Elf:2    | Found a huge runed gate.
 43448 | Elf:2    | Found a huge runed gate.
 43448 | Elf:2    | Found a huge runed gate.
 43448 | Elf:2    | Found a huge runed gate.
 43449 | Elf:2    | Found a huge runed gate.
 44147 | Elf:3    | Entered Level 3 of the Elven Halls
 44389 | Elf:3    | Reached XP level 22. HP: 154/187 MP: 3/3
 44573 | Elf:3    | Reached skill level 15 in Fighting
 44650 | Elf:3    | Gained mutation: You often lose your temper in combat. [a neqoxec]
 45077 | Elf:3    | Got a shimmering hand axe
 45078 | Elf:3    | Identified the +9 hand axe of the Lonely Orbs {holy, rElec} (You found it on level 3 of the Elven Halls)
 45109 | Elf:3    | Got a warped platinum ring
 45521 | Depths:1 | Identified the ring "Qyppix" {rN+ Str+5 Dex-2 Stlth-} (You found it on level 3 of the Elven Halls)
 45674 | Depths:1 | Found a one-way gate leading to the halls of Pandemonium.
 47565 | Depths:3 | Paralysed by a giant eyeball for 3 turns
 47576 | Depths:3 | Noticed Louise
 47604 | Depths:3 | Killed Louise
 47641 | Depths:3 | Found a one-way gate to the infinite horrors of the Abyss.
 48014 | Depths:3 | Found a gateway to a ziggurat.
 48595 | Depths:3 | Reached XP level 23. HP: 197/197 MP: 3/3
 48792 | Depths:3 | Noticed a caustic shrike
 48801 | Depths:3 | Killed a caustic shrike
 49800 | Depths:4 | Noticed a juggernaut
 49818 | Depths:4 | Killed a juggernaut
 49839 | Depths:4 | Found Bylunes's Bounteous Boutique.
 49891 | Depths:4 | Bought a potion of beneficial mutation for 490 gold pieces
 49895 | Depths:4 | Bought 2 scrolls of blinking for 210 gold pieces
 49901 | Depths:4 | Gained mutation: You are partially covered in molten scales (AC +1). [potion of beneficial mutation]
 49902 | Depths:4 | Lost mutation: You are partially covered in molten scales (AC +1). [potion of cure mutation]
 49902 | Depths:4 | Lost mutation: You are frail (-10% HP). [potion of cure mutation]
 49902 | Depths:4 | Lost mutation: You have large cloven feet. [potion of cure mutation]
 49902 | Depths:4 | Lost mutation: You have sharp fingernails. [potion of cure mutation]
 49902 | Depths:4 | Lost mutation: You often lose your temper in combat. [potion of cure mutation]
 49904 | Depths:4 | Lost mutation: You tend to lose your temper in combat. [potion of cure mutation]
 50686 | Depths:5 | Entered Level 5 of the Depths
 51437 | Depths:5 | Reached skill level 15 in Crossbows
 51917 | Depths:5 | HP: 10/222 [poisoned by a green draconian]
 51918 | Depths:5 | HP: 2/222 [poisoned by a green draconian]
 52007 | Depths:3 | HP: 3/222 [frost giant/bolt of cold (41)]
 52008 | Depths:3 | Killed from afar by a frost giant

Vault maps used:
D:1:      dpeg_arrival_tiny_h, minmay_cupped
D:2:      lemuel_doored_altar, yredelemnul_forgotten_temple_becter,
          nicolae_dithmenos_shadow_blocks
D:3:      wad_river_or_something, tgw_xom, amethyst_overflow_temple_binary,
          gup_sewer_entry_bubbles, roderic_serpentine_path,
          nemelex_spade_bored_becter
D:4:      serial_shops, shop, shop, shop, uniq_crazy_yiuf_cottage
D:5:      minmay_temple_entry_glassed_door, first_bread,
          gup_ossuary_entry_pyramid, corexii_leaking_fountain,
          grunt_ministairs_14
D:6:      kennysheep_housing_project, uniq_grinder
D:7:      lemuel_round_altar, nicolae_overflow_hidden_temple
D:8:      old_standard_altar, kennysheep_mini, david_nohive_1,
          grunt_pakellas_sulfur
D:9:      lemuel_coloured_pillars_altar, lemuel_zombie_altar_kikubaaqudgha
D:10:     kennysheep_orc_sif_temple, minmay_lair_entry_lava,
          kennysheep_generic_room_7
D:11:     minmay_orc_entry_temple_small, uniq_sonja
D:13:     serial_undead, serial_undead_a, serial_undead_b, serial_undead_f,
          serial_undead_d, serial_undead_d, serial_undead_c, special_room,
          uniq_frances
D:14:     minmay_weird_star, grunt_vaults_entry_tiered, serial_shops,
          nicolae_shop_trees
D:15:     grunt_enter_depths_snipers, grunt_decor_mini_mirrors
Temple:   jpeg_temple_alley_garden_8
Lair:1:   grunt_forest_large_clearings, infiniplex_staircase_pool
Lair:2:   lemuel_ratsnest
Lair:3:   minmay_snake_entry_guardpost_medium, portal_ice_cave_entry_pillars_02,
          basic_altar, serial_bayou_shore_a, grunt_megastairs_2
Lair:4:   elwin_shoals_entry_stream
Lair:5:   uniq_josephine
Lair:6:   minmay_lair_venomous_thicket, special_room, uniq_kirke
Lair:7:   slime_altar_1, minivault_26
Lair:8:   evil_forest, grunt_megastairs_5, lemuel_fruit_tree,
          infiniplex_staircase_pool_2
Shoals:1: nicolae_shoals_c_island
Shoals:3: serial_shops, shop, uniq_nikola
Shoals:4: shoals_end_simple, shoals_ilsuiw_alternative, yaktaur_hedge
Snake:1:  grunt_ministairs_1, uniq_azrael
Snake:2:  serial_shops, nicolae_shop_behind_doors, st_stairs_9,
          hangedman_snake_thin_pillar_pass, abandoned_shop, uniq_aizul
Snake:4:  snake_pit
Orc:1:    serial_shops, shop, uniq_maud
Orc:2:    st_orc_ogre_mass, abandoned_shop
Elf:1:    eino_elf_arrival_sip, minivault_28
Elf:2:    enter_trove_3, serial_shops, shop, guppyfry_elf_altar
Elf:3:    grunt_elf_hall_branching
Vaults:1: vaults_room_octagon, v_misc_16, v_misc_29,
          ontoclasm_vaults_ring_large, vaults_dpeg_ring, serial_shops,
          shop_statue
Vaults:2: v_misc_16, ontoclasm_vaults_tryst, nicolae_vaults_lopsided_apartments,
          ontoclasm_vaults_loading_screen, v_misc_13, v_rooms_6,
          vaults_room_semicircle, dpeg_vaults_monster_box, serial_shops,
          nicolae_shop_trees
Vaults:3: minmay_crypt_entry_necro_gods, v_misc_29, nicolae_vaults_rhombus_6,
          v_misc_12, nicolae_vaults_disjoint_gnomons, v_misc_30, v_misc_23,
          hangedman_vaults_nodes, ontoclasm_vaults_bender,
          ontoclasm_vaults_claustrophobia, nicolae_vaults_little_squares_6,
          vaults_room_door_hall, nicolae_vaults_ring_of_whatevers,
          nicolae_vaults_little_squares_6, uniq_mara
Vaults:4: v_misc_15, vaults_mumra_hex, v_misc_24,
          nicolae_vaults_little_squares_2, v_misc_29, hangedman_vaults_cutoff,
          v_misc_26, v_misc_14, v_pattern_5, ontoclasm_vaults_chip
Vaults:5: serial_shops, uniq_mennas, uniq_xtahua, uniq_jorgrun, uniq_sojobo
Depths:1: hangedman_tar_grid_catacomb, pan_entry, hangedman_decor_peaks_small,
          st_stairs_8, hex_medium, nicolae_wwwww, minmay_strange_pillars,
          tso_metal_star
Depths:2: kennysheep_scales, hell_entry, serial_sigils_hangedman_writhe,
          rand_demon_pan_entry_5
Depths:3: minmay_nested_s, enter_ziggurat_b, rand_demon_pan_entry_7,
          hangedman_abyss_or_decor_jellyfish_corner,
          nicolae_abyss_entry_one_way_or_another, pf_hell_entry_great_geh,
          hangedman_aviary, infiniplex_staircase_spiral_double
Depths:4: wad_lake_hut, grunt_pan_entry_spiral, hell_entry,
          minmay_misc_feat_columns, abyss_entry, nicolae_alphabet_shops
Depths:5: lemuel_castle_with_subvaults, hell_entry, serial_co_window_serial,
          co_window_of_opportunity_a, co_window_paths_b, co_window_paths_a,
          co_window_paths_b, co_window_corner_a, co_window_paths_a,
          co_window_of_opportunity_a, co_window_corner_b, co_window_corner_cb,
          co_window_corner_cb, co_window_corner_ca, co_window_unsneaky_path_d,
          co_window_of_opportunity_b, co_window_paths_d, glass_columns_a,
          glass_columns_b, glass_columns_b, glass_columns_c, glass_columns_b

Skill      XL: |  1  2  3  4  5  6  7  8  9 10 11 12 13 14 15 16 17 18 19 20 21 22 23 |
---------------+----------------------------------------------------------------------+-----
Fighting       | 3 4 5 6 8 9 10 11 12 13 14 15 16 | 16.3
Dodging        | 1 2 3 4 5 6 7 9 10 11 12 13 14 | 14.1
Armour         | 4 5 6 7 9 10 11 12 13 14 | 14.6
Shields        | 4 5 6 7 9 10 11 13 14 16 17 18 19 20 21 22 23 | 23.5
Axes           | 3 4 5 7 8 9 11 12 13 14 15 16 17 18 20 21 22 23 | 23.0
Evocations     | 1 2 3 4 5 6 7 |  7.1
Stealth        | 1 2 3 |  3.8
Invocations    | 1 2 3 5 7 |  7.3
Crossbows      | 2 5 9 11 12 13 14 15 | 15.1

Action                   |  1- 3 |  4- 6 |  7- 9 | 10-12 | 13-15 | 16-18 | 19-21 | 22-24 || total
-------------------------+-------+-------+-------+-------+-------+-------+-------+-------++-------
Melee: War axe           |   137 |   188 |   389 |   969 |  1542 |   865 |    18 |       ||  4108
       Kick              |       |       |       |    78 |   372 |       |       |       ||   450
       Broad axe         |       |       |       |       |    14 |   425 |  1100 |  1174 ||  2713
       Hand crossbow     |       |       |       |       |     1 |     1 |       |       ||     2
 Fire: Hand crossbow     |       |       |       |       |   103 |   805 |   613 |   243 ||  1764
Invok: Lesser Servant of |       |       |       |     3 |    23 |    52 |     1 |    11 ||    90
       Greater Servant o |       |       |       |       |       |       |     4 |       ||     4
 Abil: Device Recharging |       |     1 |     3 |     3 |     2 |    13 |     2 |     4 ||    28
Evoke: Wand              |     3 |     6 |    13 |    30 |    32 |    55 |    19 |    37 ||   195
       Box of beasts     |       |       |       |       |       |     1 |       |       ||     1
  Use: Scroll            |     2 |    12 |     6 |    22 |    27 |    26 |    11 |    16 ||   122
       Potion            |       |       |     2 |     7 |    15 |    11 |     8 |    13 ||    56
 Stab: Distracted        |       |       |       |       |     2 |     2 |     2 |     1 ||     7
       Petrified         |       |       |       |       |     2 |       |       |       ||     2
       Confused          |       |       |       |       |       |       |       |     1 ||     1
  Eat: Bread ration      |     1 |       |     2 |     2 |     2 |       |     1 |       ||     8
       Pizza             |       |     2 |       |     2 |     2 |     7 |       |       ||    13
       Beef jerky        |       |       |     2 |     2 |     6 |     6 |       |     1 ||    17
       Royal jelly       |       |       |     1 |       |     2 |     3 |     2 |     2 ||    10
       Meat ration       |       |       |     3 |     2 |     2 |     5 |     4 |     6 ||    22
       Fruit             |       |       |     1 |     1 |     3 |     1 |     1 |     2 ||     9
Armor: Scale mail        |    62 |    80 |   187 |   284 |   242 |       |       |       ||   855
       Plate armour      |       |       |       |       |   218 |   532 |   350 |   454 ||  1554
Dodge: Dodged            |    45 |    77 |   227 |   447 |   903 |   617 |   409 |   419 ||  3144
Block: Shield            |   109 |   118 |   289 |   919 |  2044 |  2336 |  1495 |  1563 ||  8873
       Reflection        |       |       |       |    15 |    15 |   354 |   141 |    72 ||   597
